AoeStats
← Eby

Arabia

508294679Analyzed
3v3 RM · 9d ago on Sep 21, 2026· 30m 10s· 6 players
Game mode
Random Map
Map size
Normal (6 player)
Population
200
Speed
Normal
Resources
Standard
Victory
Conquest
Starting age
Dark Age
Ending age
Imperial Age
RankedLock teamsTeams togetherTeam positionsShared explorationLock speedFull tech treeHidden civsTurbo modeCheats
Victory
Defeat
🇮🇳 Mapuche · India
1686
+6
🇮🇳 Cumans · India
1394
+16
🇮🇳 Persians · India
1327
+18
🇩🇪 Chinese · Germany
1435
-14
🇩🇪 Magyars · Germany
1410
-13
🇩🇪 Ethiopians · Germany
1406
-13
Oru_Tamizhan
8:17 Loom
11:15 Feudal Age
12:02 Double-Bit Axe
12:48 Town Watch
16:23 Fletching
16:44 Gold Mining
17:25 Padded Archer Armor
18:35 Horse Collar
21:49 Wheelbarrow
26:10 Castle Age
26:55 Bodkin Arrow
27:24 Leather Archer Armor
26:30 Crossbowman
27:16 Thumb Ring
27:33 Heavy Plow
28:55 Bow Saw
28:53 Capped Ram
29:09 Capped Ram
30:08 Hand Cart
Eby
5:47 Loom
8:32 Feudal Age
8:55 Double-Bit Axe
14:52 Horse Collar
19:14 Castle Age
17:47 Scale Barding Armor
18:45 Bloodlines
22:07 Chain Barding Armor
22:52 Bow Saw
24:21 Husbandry
27:16 Wheelbarrow
28:00 Forging
Aqua Sama
7:12 Loom
9:58 Feudal Age
11:47 Town Watch
14:15 Castle Age
12:03 Double-Bit Axe
13:31 Fletching
13:34 Gold Mining
14:56 Bodkin Arrow
21:18 Bow Saw
22:16 Horse Collar
24:31 Padded Archer Armor
25:13 Ballistics
26:11 Leather Archer Armor
28:55 Stone Mining
29:06 Heavy Plow
frey_tag
4:57 Loom
9:10 Feudal Age
10:03 Double-Bit Axe
13:44 Fletching
15:58 Padded Archer Armor
18:48 Wheelbarrow
22:57 Castle Age
23:25 Crossbowman
24:03 Bodkin Arrow
27:09 Ballistics
antrophognos
3:05 Loom
6:46 Loom
9:12 Feudal Age
10:42 Double-Bit Axe
15:20 Fletching
17:22 Padded Archer Armor
18:24 Wheelbarrow
22:44 Castle Age
21:50 Gold Mining
21:43 Horse Collar
23:40 Bow Saw
23:26 Bodkin Arrow
22:52 Crossbowman
teddy
6:34 Loom
9:10 Feudal Age
9:47 Double-Bit Axe
9:49 Horse Collar
17:32 Scale Barding Armor
24:24 Castle Age
22:55 Gold Mining
23:34 Bloodlines
27:32 Bow Saw
Connection lost

Rejoining the realm…

Still unreachable

The connection could not be restored.

Session expired

The server has moved on; the page needs a fresh start.